 Dungeon Crawl Stone Soup version 0.28.0-43-g3370ac3207 (webtiles) character file.

Game seed: 6565680456203243531

4158 Ablot the Magician (level 10, -5/77 HPs)
             Began as a Gnoll Warper on Mar 14, 2022.
             Was an Elder of the Shining One.
             Slain by a gargoyle
             ... wielding a +0 flail
              (19 damage)
             ... on level 8 of the Dungeon.
             The game lasted 00:18:18 (12116 turns).

Ablot the Magician (Gnoll Warper)                  Turns: 12116, Time: 00:18:18

Health: -5/77      AC: 19    Str: 14    XL:     10   Next: 28%
Magic:  17/20      EV: 11    Int: 13    God:    the Shining One [****..]
Gold:   149        SH: 13    Dex: 12    Spells: 16/23 levels left

rFire   + . .      SeeInvis .   a - +2 spear (venom)
rCold   + . .      Faith    .   (no shield)
rNeg    + + .      Spirit   .   z - +7 Kryia's mail coat {PotionHeal*2 rC+}
rPois   .          Reflect  +   R - +1 helmet {rF+}
rElec   .          Harm     .   Q - +0 cloak
rCorr   .          Rampage  .   (no gloves)
Will    .....                   u - +0 pair of boots
Stlth   +.........              H - amulet of reflection
HPRegen 0.22/turn               (no ring)
MPRegen 0.17/turn               (no ring)

@: divinely shielded, glowing
A: fangs 1, strong nose, distributed training
a: Renounce Religion, Divine Shield, Cleansing Flame


You were on level 8 of the Dungeon.
You worshipped the Shining One.
The Shining One was greatly pleased with you.
You visited 2 branches of the dungeon, and saw 9 of its levels.

You collected 330 gold pieces.
You spent 181 gold pieces at shops.

Inventory:

Hand Weapons
 a - a +2 spear of venom (weapon)
 w - a +4 short sword of freezing
Missiles
 d - 5 boomerangs of dispersal
 e - 17 poisoned darts
 g - 197 stones
 h - 21 sling bullets
 t - 8 boomerangs (quivered)
 v - 60 arrows
 B - 23 bolts
Armour
 l - an orb of wrath
 u - a +0 pair of boots (worn)
 z - the +7 Kryia's mail coat (worn) {PotionHeal*2 rC+}
   (You found it on level 4 of the Dungeon)

   Potions are twice as effective at healing its wearer.
   rC:        It protects you from cold.
 Q - a +0 cloak (worn)
 R - a +1 helmet of fire resistance (worn)
Magical Staves
 K - a staff of cold
 N - a staff of conjuration
Jewellery
 H - an amulet of reflection (around neck)
Wands
 m - a wand of flame (24)
 q - a wand of acid (11)
Scrolls
 b - 2 scrolls of noise {unknown}
 c - 4 scrolls of blinking
 i - a scroll of summoning {unknown}
 k - 2 scrolls of brand weapon {unknown}
 n - 4 scrolls of identify {unknown}
 p - a scroll of silence {unknown}
 s - 3 scrolls of teleportation {unknown}
 x - 2 scrolls of magic mapping {unknown}
 y - a scroll of enchant weapon {unknown}
 E - 2 scrolls of vulnerability {unknown}
 F - 2 scrolls of fear {unknown}
 G - a scroll of torment {unknown}
 M - 2 scrolls of fog {unknown}
Potions
 f - 2 potions of attraction {unknown}
 j - 2 potions of mutation {unknown}
 o - 3 potions of curing
 r - 3 potions of brilliance {unknown}
 A - 2 potions of degeneration {unknown}
 D - 4 potions of heal wounds {unknown}
 J - 2 potions of invisibility {unknown}
 L - a potion of might {unknown}
 O - a potion of magic {unknown}
 P - 2 potions of flight {unknown}


   Skills:
 + Level 6.9 Fighting
 + Level 5.1 Short Blades
 + Level 5.1 Long Blades
 + Level 5.1 Axes
 + Level 5.1 Maces & Flails
 + Level 6.9 Polearms
 + Level 5.1 Staves
 + Level 5.1 Slings
 + Level 5.1 Bows
 + Level 5.1 Crossbows
 + Level 5.8 Throwing
 + Level 5.8 Armour
 + Level 6.9 Dodging
 + Level 5.1 Stealth
 + Level 5.1 Shields
 + Level 5.1 Unarmed Combat
 + Level 7.2 Spellcasting
 + Level 4.2 Conjurations
 + Level 4.2 Hexes
 + Level 4.2 Summonings
 + Level 4.2 Necromancy
 + Level 7.0 Translocations
 + Level 4.2 Transmutations
 + Level 4.2 Fire Magic
 + Level 4.2 Ice Magic
 + Level 4.2 Air Magic
 + Level 4.2 Earth Magic
 + Level 4.2 Poison Magic
 + Level 5.6 Invocations
 + Level 5.1 Evocations


You had 16 spell levels left.
You knew the following spells:

 Your Spells              Type           Power      Damage    Failure   Level
a - Blink                 Tloc           46%        N/A       4%          2
b - Poisonous Vapours     Pois/Air       30%        N/A       14%         2
c - Sting                 Tmut/Pois      60%        1d6       10%         1
d - Passwall              Tmut/Erth      12%        N/A       14%         2

Your spell library contained the following spells:

 Spells                   Type           Power      Damage    Failure   Level
 Gell's Gravitas          Tloc           23%        N/A       9%          3
 Lesser Beckoning         Tloc           23%        N/A       9%          3
 Teleport Other           Tloc           23%        N/A       9%          3
 Sandblast                Erth           30%        2d9       10%         1
 Static Discharge         Conj/Air       15%        N/A       14%         2
 Frozen Ramparts          Ice            30%        1d5       28%         3
 Ozocubu's Armour         Ice            15%        N/A       28%         3
 Stone Arrow              Conj/Erth      30%        3d8       28%         3
 Manifold Assault         Tloc           23%        N/A       63%         5
 Dispel Undead            Necr           15%        3d10      67%         4
 Ice Form                 Ice/Tmut       15%        N/A       67%         4
 Olgreb's Toxic Radiance  Pois           15%        N/A       67%         4
 Sticky Flame             Conj/Fire      15%        2d4       67%         4
 Summon Ice Beast         Ice/Summ       15%        N/A       67%         4
 Ozocubu's Refrigeration  Ice            7%         4d6       100%        7
 Storm Form               Tmut/Air       7%         N/A       100%        7


Dungeon Overview and Level Annotations

Branches:
Dungeon (8/15)             Temple (1/1) D:5
   Lair: D:8-11

Altars:
Ashenzari
Cheibriados
Dithmenos
Elyvilon
Fedhas
Gozag
Hepliaklqana
Kikubaaqudgha
Makhleb
Okawaru
Qazlal
Sif Muna
Trog
Uskayaw
Vehumet
Xom
Zin
The Shining One

Shops:
D:4 *

Annotations:
D:3 2 transporters


Innate Abilities, Weirdness & Mutations

You have very sharp teeth.
Your uncanny sense of smell can sniff out nearby items.
Your experience applies equally to all skills.


Message History

The gargoyle hits you with a +0 flail!
* * * LOW HITPOINT WARNING * * *
You hit the gargoyle.
The gargoyle is moderately damaged.
The gargoyle hits you with a +0 flail.
* * * LOW HITPOINT WARNING * * *
You hit the gargoyle but do no damage.
You bite the gargoyle, but do no damage.
The gargoyle is moderately damaged.
The gargoyle barely misses you.
You hit the gargoyle but do no damage.
You bite the gargoyle, but do no damage.
The gargoyle is lightly damaged.
You hit the gargoyle but do no damage.
You bite the gargoyle, but do no damage.
The gargoyle is lightly damaged.
The gargoyle hits you with a +0 flail!
* * * LOW HITPOINT WARNING * * *
The +7 Kryia's mail coat enhances the healing.
You feel better. The gargoyle hits you with a +0 flail!
* * * LOW HITPOINT WARNING * * *
Unknown command.
A divine shield forms around you! You block the gargoyle's attack.
Unknown command.
There's nothing to close nearby.
Aiming: Corrosive Bolt
Press: ? - help, Shift-Dir - straight line, f/p - gargoyle
Aim: a gargoyle, wielding a +0 flail (lightly damaged, haloed, 91% to hit)
The bolt of acid hits the gargoyle!
The gargoyle is heavily damaged.
You block the gargoyle's attack.
Unknown command.
You hit the gargoyle.
The gargoyle is severely damaged.
The gargoyle barely misses you.
Unknown command.
You hit the gargoyle but do no damage.
The gargoyle is heavily damaged.
The gargoyle hits you with a +0 flail!!
You die...

#...........
..........∆ .
........ .. ...9..
.. ######.... .#
......... ..
........####.#####
.........9@.......
......##.######..#
##.## #..## ∆
#...# ##...#
#....# ########
#.#..#####......#
# #.#.....##.<.#
#.#$#.###.##...#


You could see a gargoyle.

Vanquished Creatures
  A troll (D:7)
  A wyvern (D:5)
  Eustachio (D:3)
  A steam dragon (D:6)
  2 water moccasins
  A sky beast (D:7)
  A black bear (D:5)
  7 necrophages
  An ice beast (D:5)
  A centaur (D:7)
  4 ogres
  2 bullfrogs (D:7)
  A gnoll sergeant (D:6)
  A wyvern zombie (D:7)
  2 water moccasin skeletons
  A howler monkey (D:5)
  10 wights
  An electric eel (D:7)
  A bullfrog zombie (D:6)
  4 centaur zombies (D:7)
  2 bullfrog skeletons
  2 orc priests (D:7)
  A jelly (D:6)
  4 iguanas
  3 orc wizards
  3 killer bee zombies
  5 mummies (D:7)
  2 howler monkey zombies (D:7)
  13 adders
  9 gnolls
  4 white imps
  2 worms
  6 dart slugs
  19 orcs
  6 endoplasms
  5 giant cockroaches
  8 goblins
  5 hobgoblins
  5 jackals
  4 kobolds
  5 quokkas
  9 ball pythons
  7 bats
  2 frilled lizards
  2 rats (D:1)
177 creatures vanquished.

Vanquished Creatures (others)
  Prince Ribbit (D:6)
  A human (D:5)
  22 plants (D:2)
  4 withered plants (D:7)
28 creatures vanquished.

Grand Total: 205 creatures vanquished

Notes
Turn   | Place    | Note
-------+----------+-------------------------------------------
     0 | D:1      | Ablot the Gnoll Warper began the quest for the Orb.
     0 | D:1      | Reached XP level 1. HP: 20/20 MP: 6/6
   258 | D:1      | Reached XP level 2. HP: 24/26 MP: 7/7
   261 | D:1      | Learned a level 2 spell: Blink
   710 | D:1      | Reached XP level 3. HP: 31/31 MP: 9/9
   751 | D:1      | Reached skill level 5 in Spellcasting
  1130 | D:1      | Reached skill level 1 in Invocations
  1619 | D:2      | Reached skill level 1 in Short Blades
  1619 | D:2      | Reached skill level 1 in Long Blades
  1619 | D:2      | Reached skill level 1 in Axes
  1619 | D:2      | Reached skill level 1 in Maces & Flails
  1619 | D:2      | Reached skill level 1 in Staves
  1619 | D:2      | Reached skill level 1 in Slings
  1619 | D:2      | Reached skill level 1 in Bows
  1619 | D:2      | Reached skill level 1 in Crossbows
  1619 | D:2      | Reached skill level 1 in Stealth
  1619 | D:2      | Reached skill level 1 in Shields
  1619 | D:2      | Reached skill level 1 in Unarmed Combat
  1619 | D:2      | Reached skill level 1 in Evocations
  1626 | D:2      | Reached XP level 4. HP: 33/38 MP: 11/11
  2240 | D:2      | Found a white marble altar of Elyvilon.
  2258 | D:2      | Became a worshipper of Elyvilon the Healer
  2519 | D:3      | Reached skill level 1 in Conjurations
  2519 | D:3      | Reached skill level 1 in Hexes
  2519 | D:3      | Reached skill level 1 in Summonings
  2519 | D:3      | Reached skill level 1 in Necromancy
  2519 | D:3      | Reached skill level 1 in Transmutations
  2519 | D:3      | Reached skill level 1 in Fire Magic
  2519 | D:3      | Reached skill level 1 in Ice Magic
  2519 | D:3      | Reached skill level 1 in Air Magic
  2519 | D:3      | Reached skill level 1 in Earth Magic
  2519 | D:3      | Reached skill level 1 in Poison Magic
  2699 | D:3      | Reached * piety under Elyvilon
  2726 | D:3      | Found a transporter.
  2762 | D:3      | Found a transporter.
  2820 | D:3      | Reached XP level 5. HP: 32/43 MP: 12/12
  2980 | D:3      | Found a snail-covered altar of Cheibriados.
  3569 | D:4      | Found an opulent altar of Gozag.
  4328 | D:3      | Reached XP level 6. HP: 17/50 MP: 13/13
  4568 | D:4      | Reached skill level 5 in Fighting
  4568 | D:4      | Reached skill level 5 in Polearms
  4568 | D:4      | Reached skill level 5 in Dodging
  4865 | D:4      | Reached ** piety under Elyvilon
  4865 | D:4      | Noticed Eustachio
  4883 | D:4      | Found a hazy altar of Hepliaklqana.
  4963 | D:4      | Found the +7 Kryia's mail coat {PotionHeal*2 rC+}
  5058 | D:4      | Found Tosevoag's Fire Supplies.
  5464 | D:3      | Killed Eustachio
  5465 | D:3      | Reached XP level 7. HP: 48/56 MP: 15/15
  5684 | D:4      | Found a glowing silver altar of Zin.
  5684 | D:4      | Noticed an angel
  5774 | D:5      | Entered Level 5 of the Dungeon
  6084 | D:5      | Noticed a wyvern
  6107 | D:5      | HP: 2/56 [wyvern (9)]
  6112 | D:5      | Elyvilon protects you from harm!
  6115 | D:5      | Killed a wyvern
  6116 | D:5      | Reached XP level 8. HP: 4/63 MP: 10/16
  7259 | D:5      | Reached *** piety under Elyvilon
  7388 | D:5      | Found a staircase to the Ecumenical Temple.
  7506 | D:5      | Found a glowing golden altar of the Shining One.
  7725 | D:5      | Found an ancient bone altar of Kikubaaqudgha.
  8083 | Temple   | Entered the Ecumenical Temple
  8345 | D:5      | Fell from the grace of Elyvilon
  8345 | D:5      | Became a worshipper of the Shining One
  8345 | D:5      | Reached * piety under the Shining One
  8646 | D:6      | Noticed Prince Ribbit
  8663 | D:6      | Killed Prince Ribbit
  8664 | D:6      | Reached XP level 9. HP: 54/69 MP: 18/18
  8991 | D:6      | Reached ** piety under the Shining One
  9136 | D:6      | Found a broken altar of Ashenzari.
  9136 | D:6      | Found an iron altar of Okawaru.
  9252 | D:6      | Reached skill level 5 in Throwing
  9252 | D:6      | Reached skill level 5 in Armour
 10072 | D:7      | Reached skill level 5 in Invocations
 10169 | D:7      | Noticed a troll
 10360 | D:7      | Reached *** piety under the Shining One
 10536 | D:7      | Reached XP level 10. HP: 67/77 MP: 20/20
 10684 | D:7      | Learned a level 2 spell: Poisonous Vapours
 10686 | D:7      | Learned a level 1 spell: Sting
 10689 | D:7      | Learned a level 2 spell: Passwall
 10822 | D:7      | Reached skill level 5 in Short Blades
 10822 | D:7      | Reached skill level 5 in Long Blades
 10822 | D:7      | Reached skill level 5 in Axes
 10822 | D:7      | Reached skill level 5 in Maces & Flails
 10822 | D:7      | Reached skill level 5 in Staves
 10822 | D:7      | Reached skill level 5 in Slings
 10822 | D:7      | Reached skill level 5 in Bows
 10822 | D:7      | Reached skill level 5 in Crossbows
 10822 | D:7      | Reached skill level 5 in Stealth
 10822 | D:7      | Reached skill level 5 in Shields
 10822 | D:7      | Reached skill level 5 in Unarmed Combat
 10822 | D:7      | Reached skill level 5 in Evocations
 11058 | D:7      | Reached **** piety under the Shining One
 11938 | D:4      | Bought a +1 helmet of fire resistance for 181 gold pieces
 12082 | D:8      | Noticed a gargoyle
 12116 | D:8      | Slain by a gargoyle

Illustrated notes

Levels and vault maps discovered:
D:1:      lightli_arrival_isolated_outpost, layout_basic
D:2:      layout_loops_cross, serial_bayou, serial_bayou_pond_c,
          serial_bayou_shore_b, serial_bayou_pond_e, serial_bayou_lagoon_a,
          basic_altar
D:3:      gammafunk_steamed_eel, layout_basic, mainiacjoe_overflow_alcove_2
D:4:      layout_cave_pools, zin_angel, kennysheep_mini, lemuel_round_altar,
          nicolae_shop_fire_sale [nicolae_sub_dead_trees], supply_closet_lemuel,
          minmay_curled_crystal, uniq_eustachio
D:5:      layout_loops_corners, tgw_kikubaaqudgha, tso_altar,
          minmay_temple_entry_metal_lava, grunt_ministairs_3
D:6:      layout_loops_ring, gammafunk_temple_overflow_elements,
          uniq_prince_ribbit1
D:7:      layout_loops_corners, serial_undead, serial_undead_c, serial_undead_c,
          serial_undead_f, serial_undead_f, serial_undead_f, serial_undead_e,
          serial_undead_b, serial_undead_f, serial_undead_a, serial_undead_a,
          dk_vineyard_1, kennysheep_another_room
D:8:      layout_rooms, mainiacjoe_overflow_swirl, serial_shops, shop
Temple:   jpeg_temple_alley_garden

Skill      XL: |  1  2  3  4  5  6  7  8  9 10 |
---------------+-------------------------------+-----
Spellcasting   | 5 6 7 |  7.2
Invocations    | 1 2 3 4 5 |  5.6
Short Blades   | 1 2 3 4 5 |  5.1
Long Blades    | 1 2 3 4 5 |  5.1
Axes           | 1 2 3 4 5 |  5.1
Maces & Flails | 1 2 3 4 5 |  5.1
Staves         | 1 2 3 4 5 |  5.1
Slings         | 1 2 3 4 5 |  5.1
Bows           | 1 2 3 4 5 |  5.1
Crossbows      | 1 2 3 4 5 |  5.1
Stealth        | 1 2 3 4 5 |  5.1
Shields        | 1 2 3 4 5 |  5.1
Unarmed Combat | 1 2 3 4 5 |  5.1
Evocations     | 1 2 3 4 5 |  5.1
Conjurations   | 1 2 3 4 |  4.2
Hexes          | 1 2 3 4 |  4.2
Summonings     | 1 2 3 4 |  4.2
Necromancy     | 1 2 3 4 |  4.2
Transmutations | 1 2 3 4 |  4.2
Fire Magic     | 1 2 3 4 |  4.2
Ice Magic      | 1 2 3 4 |  4.2
Air Magic      | 1 2 3 4 |  4.2
Earth Magic    | 1 2 3 4 |  4.2
Poison Magic   | 1 2 3 4 |  4.2
Throwing       | 3 4 5 |  5.8
Armour         | 3 4 5 |  5.8
Fighting       | 5 6 |  6.9
Polearms       | 5 6 |  6.9
Dodging        | 5 6 |  6.9
Translocations | 6 7 |  7.0

Action                   |  1- 3 |  4- 6 |  7- 9 | 10-12 || total
-------------------------+-------+-------+-------+-------++-------
Melee: Spear             |   132 |   332 |   238 |   146 ||   848
       Bite              |    11 |    24 |    82 |    27 ||   144
       Punch             |     1 |     9 |    23 |     4 ||    37
       Trident           |       |       |   261 |       ||   261
Throw: Dart              |       |     7 |    25 |       ||    32
       Boomerang         |       |       |       |     2 ||     2
 Cast: Blink             |       |       |     4 |       ||     4
Invok: Purification      |       |       |     1 |       ||     1
       Divine Shield     |       |       |     1 |     1 ||     2
Evoke: Wand              |       |       |     5 |     1 ||     6
  Use: Potion            |       |       |     1 |     1 ||     2
 Stab: Sleeping          |       |     4 |       |       ||     4
Armor: Leather armour    |    33 |    44 |       |       ||    77
       Scale mail        |       |    47 |   210 |    35 ||   292
Dodge: Dodged            |    49 |   170 |   220 |    50 ||   489
Block: Other             |       |       |    52 |    18 ||    70
       Reflection        |       |       |       |     1 ||     1
